 Dungeon Crawl Stone Soup version 0.22-a0-877-g5c4e1af (webtiles) character file.

49 GroovyGamera the Poker (level 3, -2/28 HPs)
             Began as a Merfolk Skald on July 29, 2018.
             Slain by an orc priest
             ... wielding a +0 hand axe
              (7 damage)
             ... on level 3 of the Dungeon.
             The game lasted 00:04:11 (2074 turns).

GroovyGamera the Poker (Merfolk Skald)              Turns: 2074, Time: 00:04:12

Health: -2/28      AC:  3    Str: 11    XL:     3   Next: 75%
Magic:  6/6        EV: 12    Int: 13    God:
Gold:   119        SH:  0    Dex: 13    Spells: 3/7 levels left

rFire    . . .     SeeInvis .   a - +0 spear
rCold    . . .     Gourm    .   (no shield)
rNeg     . . .     Faith    .   b - +0 leather armour
rPois    .         Spirit   .   (no helmet)
rElec    .         Reflect  .   (no cloak)
rCorr    .         Harm     .   (no gloves)
MR       .....                  (no boots)
Stlth    +.........             (no amulet)
HPRegen  0.09/turn              (no ring)
MPRegen  0.10/turn              (no ring)

@: lethally poisoned (-2 -> -12), slowed, very slow
A: change form in water, swift swim, stealthy swim
a: no special abilities


You were on level 3 of the Dungeon.
You were not hungry.

You visited 1 branch of the dungeon, and saw 3 of its levels.

You collected 119 gold pieces.

Inventory:

Hand Weapons
 a - a +0 spear (weapon)
Missiles
 n - 16 bolts
Armour
 b - a +0 leather armour (worn)
 c - a cursed +0 ring mail
Scrolls
 e - a scroll of fear {unknown}
 g - a scroll of amnesia {unknown}
 h - a scroll of identify
 i - a scroll of enchant weapon {unknown}
Potions
 f - a potion of magic
 j - a potion of brilliance {unknown}
 l - a potion of flight
 m - a potion of might {unknown}
Comestibles
 d - 7 rations
 k - a chunk of flesh


   Skills:
 + Level 2.8 Fighting
 + Level 3.8 Polearms
 - Level 0.6 Armour
 - Level 2.7 Dodging
 + Level 2.5 Spellcasting
 + Level 3.8 Charms


You had 3 spell levels left.
You knew the following spells:

 Your Spells              Type           Power        Failure   Level  Hunger
a - Infusion              Chrm           ##..         7%          1    #......
b - Regeneration          Chrm/Necr      #.........   41%         3    ###....

Your spell library contained the following spells:

 Spells                   Type           Power        Failure   Level  Hunger
 Shroud of Golubria       Chrm/Tloc      #.........   22%         2    ###....
 Song of Slaying          Chrm           ##......     10%         2    ###....
 Spectral Weapon          Hex/Chrm       #.......     41%         3    ###....


Dungeon Overview and Level Annotations

Branches:
Dungeon (3/15)

Altars:
Qazlal


Message History

You feel as though you will be slow longer.
The kobold shoots a curare-tipped needle.
The curare-tipped needle barely misses you.
An orc comes into view. It is wielding a hand axe.
You see here a curare-tipped needle.
It was a potion of magic.
Magic courses through your body.
* * * LOW HITPOINT WARNING * * *
You feel sick.
An orc wizard comes into view. It is wielding a dagger.
* * * LOW HITPOINT WARNING * * *
You feel sick.
The orc shouts!
The orc wizard shouts!
The kobold unwields an uncursed blowgun.
The kobold barely misses you. The kobold hits you but does no damage.
You hit the kobold.
You kill the kobold!
* * * LOW HITPOINT WARNING * * *
You feel sick.
The orc priest hits you with a hand axe!
You die...

#################
......#.>.......# ######
.)..............# .....#
......#.........# .....#
......#.........# .....#
##..#.#........(###.....#
##..#.##......(.@)#.....#.
.................o...o....
......#...........#.....#.
#######..<........#.o...#
.............#.....#
###.....#.#####.......
#######.# #.#.#.# #..
...... ... .#.#.#


You could see an orc priest, an orc wizard and an orc.

Vanquished Creatures
  6 bats
  4 giant cockroaches
  4 goblins (D:1)
  4 hobgoblins
  7 jackals (D:2)
  A quokka (D:2)
  3 ball pythons (D:1)
  4 frilled lizards (D:1)
  6 kobolds
  5 rats
44 creatures vanquished.

Notes
Turn   | Place    | Note
-------+----------+-------------------------------------------
     0 | D:1      | GroovyGamera the Merfolk Skald began the quest for the Orb.
     0 | D:1      | Reached XP level 1. HP: 16/16 MP: 3/3
    97 | D:1      | Reached XP level 2. HP: 15/23 MP: 5/5
   585 | D:1      | You fall through a shaft!
   585 | D:2      | Found a stormy altar of Qazlal.
   602 | D:2      | Reached XP level 3. HP: 28/28 MP: 6/6
   691 | D:2      | Learned a level 3 spell: Regeneration
  2074 | D:3      | Slain by an orc priest

Vault maps used:
D:1:      shiori_arrival_oz, minmay_misc_feat_enclosed, st_stairs_6,
          minmay_shallow_snake_nest
D:2:      grunt_qazlal_clouds
D:3:      serial_glass, glass_columns_c, glass_columns_a

Action                   || total
-------------------------++-------
Melee: Spear             ||   176
 Cast: Infusion          ||     1
       Regeneration      ||     1
  Use: Scroll            ||     1
       Potion            ||     1
 Stab: Sleeping          ||     2
  Eat: Chunk             ||     4
Armor: Leather armour    ||    45
Dodge: Dodged            ||    74

Table legend:
 A = Spawn XP
 B = Non-spawn XP
 C = Spawn XP percentage of total XP
 D = Spawn monster count
 E = Non-spawn monster count
 F = Spawn count percentage of total count
 G = Total turns spent on level
                    A         B        C        D         E        F      G
               +---------+---------+-------+---------+---------+-------+---------
         Total |       0 |      70 |   0.0 |       0 |      44 |   0.0 |  2074
               +---------+---------+-------+---------+---------+-------+---------
           D:1 |       0 |      31 |   0.0 |       0 |      20 |   0.0 |   585
           D:2 |       0 |      33 |   0.0 |       0 |      19 |   0.0 |  1306
           D:3 |       0 |       6 |   0.0 |       0 |       5 |   0.0 |   183
               +---------+---------+-------+---------+---------+-------+---------
